Map: Orbital Shipyard

Players

Puppytherapy - Winner!

  • Race: Protoss Protoss

axeL

  • Race: Zerg Zerg

VOD

Have the link to the VOD?

Description

Time

  • Played on: May 4, 2015, 1:21 p.m.
  • Length: 9:02
Show
View Real Time Build Order
Export as new Build Order

Puppytherapy Protoss - Winner!

Build Orders: 1 Gate Expand 

Get SALT Encoding   

  12  0:01  Probe  
  13  0:13  Probe  
  14  0:18  Pylon  
  14  0:36  Probe (Chrono Boost), Gateway  
  15  0:46  Probe (Chrono Boost)  
  16  0:53  Probe (Chrono Boost)  
  17  0:57  Assimilator  
  17  1:05  Probe (Chrono Boost)  
  18  1:14  Probe (Chrono Boost)  
  19  1:22  Probe  
  20  1:25  Nexus  
  20  1:34  Cybernetics Core  
  21  1:40  Probe (Chrono Boost)  
  21  1:52  Pylon  
  21  1:54  Probe (Chrono Boost)  
  22  1:55  Assimilator  
  22  2:10  Probe, Pylon, Warp Gate (Chrono Boost)  
  22  2:13  Adept (Chrono Boost)  
  25  2:22  Probe  
  26  2:23  Pylon  
  26  2:33  Stalker  
  28  2:38  Probe  
  28  2:39  Probe  
  30  2:48  Forge  
  31  2:56  Probe (Chrono Boost)  
  31  3:03  Probe (Chrono Boost)  
  32  3:15  Probe x2 (Chrono Boost)  
  34  3:22  Gateway  
  34  3:23  Gateway  
  35  3:27  Probe x2 (Chrono Boost)  
  36  3:36  Probe x2 (Chrono Boost)  
  38  3:52  Probe x2  
  38  3:53  Protoss Ground Weapons Level 1 (Chrono Boost)  
  40  4:02  Pylon  
  40  4:04  Probe x2  
  40  4:08  Pylon  
  42  4:16  Probe x2  
  44  4:18  Adept x3  
  50  4:28  Probe x2  
  52  4:38  Zealot x2  
  53  4:44  Probe x2  
  54  4:51  Twilight Council  
  54  4:57  Assimilator  
  54  4:59  Nexus  
  54  5:01  Pylon  
  54  5:02  Assimilator  
  54  5:04  Sentry  
  54  5:05  Sentry  
  56  5:09  Adept  
  56  5:12  Pylon  
  58  5:15  Probe (Chrono Boost)  
  58  5:18  Probe (Chrono Boost)  
  60  5:24  Photon Cannon  
  60  5:26  Probe (Chrono Boost)  
  62  5:28  Gateway  
  62  5:30  Probe (Chrono Boost)  
  62  5:31  Protoss Ground Weapons Level 2  
  62  5:34  Zealot x3  
  68  5:36  Blink (Chrono Boost)  
  68  5:39  Probe  
  68  5:41  Probe  
  69  5:51  Probe  
  69  5:54  Probe (Chrono Boost)  
  71  6:03  Probe (Chrono Boost)  
  72  6:06  Probe (Chrono Boost)  
  72  6:08  Pylon  
  72  6:09  Pylon  
  73  6:14  Probe (Chrono Boost)  
  73  6:15  Probe (Chrono Boost)  
  73  6:18  Gateway  
  75  6:20  Gateway  
  75  6:21  Sentry x3  
  75  6:22  Gateway  
  81  6:27  Gateway  
  81  6:30  Gateway  
  81  6:36  Gateway  
  81  6:38  Gateway  
  81  6:43  Probe x3  
  84  6:51  Pylon  
  84  6:53  Adept x3  
  90  7:15  Pylon  
  90  7:22  Pylon x2  
  90  7:24  Pylon  
  90  7:26  Pylon  
  90  7:29  Pylon  
  90  7:33  Adept x3  
  90  7:34  Adept x4, Pylon  
  103  7:49  Pylon  
  102  8:03  Stalker  
  102  8:04  Stalker x7  
  102  8:05  Stalker  
  120  8:31  Stalker x2  
  120  8:32  Stalker x5  
  120  8:33  Stalker  
  136  8:42  Robotics Facility  
Show
View Real Time Build Order
Export as new Build Order

axeL Zerg 

Build Orders: Hatch First 

Get SALT Encoding   

  12  0:01  Drone  
  13  0:09  Drone  
  14  0:18  Overlord  
  14  0:37  Drone x3  
  17  0:52  Hatchery  
  17  0:55  Drone  
  17  0:59  Drone  
  18  1:12  Spawning Pool  
  18  1:15  Drone  
  18  1:20  Drone  
  19  1:33  Overlord  
  19  1:34  Extractor  
  18  1:42  Drone  
  19  1:52  Drone  
  20  2:04  Overlord  
  20  2:05  Queen  
  20  2:06  Queen  
  24  2:10  Zergling x2  
  25  2:18  Drone x2  
  27  2:29  Drone x2  
  29  2:39  Metabolic Boost  
  29  2:45  Drone x2  
  31  2:57  Zergling x6  
  34  3:04  Zergling x2  
  35  3:09  Extractor  
  35  3:10  Zergling x2  
  35  3:11  Zergling x2  
  35  3:16  Queen  
  35  3:18  Lair  
  37  3:20  Zergling x4  
  37  3:21  Zergling x10  
  44  3:31  Extractor  
  44  3:36  Overlord  
  44  3:48  Hatchery  
  43  3:57  Drone x5  
  43  3:59  Overlord  
  48  4:08  Evolution Chamber  
  48  4:09  Roach Warren, Drone  
  47  4:11  Drone  
  47  4:14  Drone  
  47  4:15  Drone  
  48  4:26  Zergling x10  
  48  4:29  Zergling x2  
  51  4:35  Zergling x6  
  50  4:42  Zergling x8  
  51  4:47  Drone  
  51  4:50  Extractor  
  51  4:51  Glial Reconstitution  
  51  4:53  Drone  
  51  4:58  Overlord  
  52  5:02  Drone  
  52  5:04  Queen  
  55  5:14  Drone x2  
  57  5:15  Drone  
  57  5:17  Drone x3  
  59  5:42  Drone x3  
  59  5:43  Drone x4, Extractor  
  59  5:44  Extractor  
  61  5:51  Drone x2  
  61  5:52  Drone x2  
  61  5:53  Drone x2  
  61  5:54  Drone  
  61  5:55  Drone  
  69  5:57  Drone  
  69  5:59  Drone  
  69  6:01  Drone  
  69  6:02  Hatchery  
  69  6:03  Extractor  
  70  6:04  Extractor  
  69  6:20  Drone x2  
  69  6:21  Drone, Extractor x2  
  69  6:23  Drone x3  
  69  6:24  Drone  
  69  6:25  Overlord x2  
  74  6:26  Overlord  
  74  6:31  Zerg Ground Armor Level 1  
  74  6:44  Drone x3  
  74  6:45  Drone x3  
  80  6:52  Evolution Chamber, Drone  
  80  6:54  Drone  
  80  6:55  Drone x7  
  88  7:01  Overlord x3  
  88  7:02  Overlord x2  
  88  7:39  Spire x2  
  88  7:40  Zergling x2  
  88  7:41  Zergling x44  
Tags
 
Add a new tag
Caveats
  • Supply blocks, unpowered buildings, or Contaminate may cause inaccurate times.
  • Supply counts are checked every 10 seconds.